 Dungeon Crawl Stone Soup version 0.27-a0-1324-ge0d8e04 (webtiles) character file.

Game seed: 3242209244126337643

4745 HDogLeCool the Grappler (level 10, 0/100 HPs)
             Began as a Troll Berserker on June 22, 2021.
             Was a High Priest of Trog.
             Shot with a sling bullet by Joseph (12 damage)
             ... on level 10 of the Dungeon.
             The game lasted 00:16:01 (7380 turns).

HDogLeCool the Grappler (Troll Berserker)           Turns: 7380, Time: 00:16:01

Health: 0/100      AC:  6    Str: 29    XL:     10   Next: 22%
Magic:  9/9        EV: 13    Int:  4    God:    Trog [*****.]
Gold:   487        SH:  0    Dex: 15    Spells: 9/9 levels left

rFire    . . .     SeeInvis .     - Unarmed
rCold    . . .     Faith    .   (no shield)
rNeg     . . .     Spirit   .   a - +0 animal skin
rPois    +         Reflect  .   (helmet restricted)
rElec    .         Harm     .   u - +1 cloak
rCorr    .         Rampage  .   (gloves unavailable)
Will     .....                  (boots unavailable)
Stlth    +.........             (no amulet)
HPRegen  1.26/turn              f - ring of poison resistance
MPRegen  0.11/turn              i - +6 ring of dexterity

@: on berserk cooldown, slowed, studying Polearms, very slow
A: large, unfitting armour, claws 3, regeneration 1, shaggy fur 1, tough skin 1
a: Renounce Religion, Berserk, Trog's Hand, Brothers in Arms


You were on level 10 of the Dungeon.
You worshipped Trog.
Trog was extremely pleased with you.
You visited 1 branch of the dungeon, and saw 10 of its levels.

You collected 487 gold pieces.

Inventory:

Missiles
 p - 90 stones (quivered)
 r - 3 throwing nets
Armour
 a - a +0 animal skin (worn)
 u - a +1 cloak (worn)
Jewellery
 f - a ring of poison resistance (left claw)
 i - a +6 ring of dexterity (right claw)
 l - a ring of willpower
 n - a ring of willpower
 y - a ring of fire
 D - a ring of protection from fire
 H - a ring of protection from cold
 L - a +4 ring of protection
Wands
 x - a wand of polymorph (4)
 C - a wand of iceblast (13)
 J - a wand of acid (10)
 K - a wand of flame (20)
Scrolls
 c - 2 scrolls of fear {unknown}
 e - a scroll of enchant weapon
 g - 2 scrolls of vulnerability
 h - 4 scrolls of fog {unknown}
 k - a scroll of immolation
 m - 2 scrolls of enchant armour
 o - 5 scrolls of noise
 A - a scroll of amnesia {unknown}
 F - 2 scrolls of magic mapping
 G - 6 scrolls of identify
 I - a scroll of teleportation
 M - a scroll of acquirement {unknown}
Potions
 b - 3 potions of might
 d - a potion of cancellation
 j - a potion of berserk rage {unknown}
 q - a potion of resistance {unknown}
 s - a potion of curing
 t - 2 potions of mutation {unknown}
 v - a potion of ambrosia {unknown}
 w - 3 potions of lignification
 z - a potion of invisibility
 B - 3 potions of brilliance {unknown}
 E - a potion of heal wounds {unknown}


   Skills:
 + Level 6.7 Fighting
 + Level 6.8 Dodging
 * Level 11.0 Unarmed Combat


You had 9 spell levels left.
You didn't know any spells.
Your spell library was empty.

Dungeon Overview and Level Annotations

Branches:
Dungeon (10/15)            Temple (0/1) D:5            Lair (0/6) D:8
    Orc: D:9-12

Altars:
Ashenzari
Dithmenos
Kikubaaqudgha
Makhleb
Nemelex Xobeh
Ru
Uskayaw
Xom

Annotations:
D:10 Joseph


Innate Abilities, Weirdness & Mutations

You are too large for most types of armour.
You have claws for hands.
Your natural rate of healing is unusually fast.
You are covered in fur. (AC +1)
You have tough skin. (AC +1)


Message History

Joseph shoots a sling bullet.
The sling bullet closely misses you.
An acid dragon comes into view.
Joseph shoots a sling bullet.
The sling bullet hits you!
Found a stone staircase leading up.
A red film seems to cover your vision as you go berserk!
You feel yourself moving faster!
You feel mighty!
The acid dragon roars!
Joseph shoots a sling bullet.
The sling bullet hits you!
The acid dragon bites you but does no damage.
The acid dragon claws you.
You claw the acid dragon!
The acid dragon is moderately wounded.
Joseph shoots a sling bullet.
The sling bullet barely misses you.
You completely miss the acid dragon. You claw the acid dragon!!
You kill the acid dragon!
Trog accepts your kill.
Joseph shoots a sling bullet.
The sling bullet hits you!!
You feel a strong urge to attack something.
A centaur comes into view.
The centaur shouts!
The centaur wields a +0 shortbow.
The centaur shoots an arrow.
The arrow hits you!
Joseph zaps a wand.
The bolt of acid misses you.
You are no longer berserk.
You are exhausted.
You feel yourself slow down.
The centaur shoots an arrow.
The arrow barely misses you.
Joseph unwields a +3 hunting sling.
Joseph wields a +0 quarterstaff.
Joseph hits you with a +0 quarterstaff!
The centaur shoots an arrow.
The arrow hits you! Joseph hits you with a +0 quarterstaff!
You are too injured to fight recklessly!
You are too injured to fight recklessly!
The centaur shoots an arrow.
The arrow hits you.
Joseph unwields a +0 quarterstaff.
Joseph wields a +3 hunting sling.
Joseph shoots a sling bullet.
The sling bullet hits you!!
* * * LOW HITPOINT WARNING * * *
You don't know any spells.
You feel better.
The centaur shoots an arrow.
The arrow hits you!
* * * LOW HITPOINT WARNING * * *
Joseph shoots a sling bullet.
The sling bullet hits you!
You die...

....... .......
.......######
............#
............#############
.........................
............#############
#..c...@......<...
#.###@.....####.##
..........# #.##.#######
... ####


You could see Joseph and a centaur.

Vanquished Creatures
  A manticore (D:6)
  Maurice (D:9)
  A hornet (D:8)
  Sigmund (D:4)
  2 wyverns
  Eustachio (D:6)
  An acid dragon (D:10)
  A water moccasin (D:9)
  An orc warrior (D:9)
  An ice beast (D:5)
  2 black bears
  2 necrophages
  2 ogres
  5 centaurs
  A phantom (D:5)
  2 kobold brigands
  3 bullfrogs
  2 gnoll sergeants
  3 scorpions
  A killer bee (D:9)
  2 howler monkeys
  3 centaur zombies
  A bullfrog zombie (D:6)
  4 hounds
  4 jellies
  2 centaur skeletons
  3 gnoll shamans
  A bullfrog skeleton (D:6)
  Crazy Yiuf (D:4)
  2 iguanas
  4 orc wizards
  A killer bee zombie (D:8)
  A hound zombie (D:5)
  A howler monkey zombie (D:8)
  4 adders
  16 gnolls
  A shadow imp (D:3)
  4 white imps (D:7)
  3 ufetubi
  3 worms
  A dart slug (D:3)
  11 orcs
  9 ball pythons
  7 endoplasms
  2 giant cockroaches
  4 goblins
  6 hobgoblins
  15 jackals
  4 quokkas
  5 bats
  5 frilled lizards
  13 kobolds
  4 rats
181 creatures vanquished.

Notes
Turn   | Place    | Note
-------+----------+-------------------------------------------
     0 | D:1      | HDogLeCool the Troll Berserker began the quest for the Orb.
     0 | D:1      | Reached XP level 1. HP: 22/22 MP: 0/0
   230 | D:1      | Reached XP level 2. HP: 29/29 MP: 1/1
   893 | D:2      | Reached XP level 3. HP: 36/36 MP: 2/2
   897 | D:2      | Reached ** piety under Trog
  1355 | D:3      | Reached skill level 4 in Unarmed Combat
  1434 | D:3      | Reached XP level 4. HP: 44/44 MP: 3/3
  2043 | D:4      | Noticed a scorpion
  2050 | D:4      | Killed a scorpion
  2051 | D:4      | Reached XP level 5. HP: 53/53 MP: 4/4
  2085 | D:3      | Upgraded the game from 0.27-a0-1321-gd358eaa to
                  | 0.27-a0-1324-ge0d8e04
  2092 | D:4      | Found a shadowy altar of Dithmenos.
  2108 | D:4      | Noticed Sigmund
  2112 | D:4      | Killed Sigmund
  2113 | D:4      | Reached skill level 5 in Unarmed Combat
  2113 | D:4      | Reached XP level 6. HP: 61/61 MP: 5/5
  2157 | D:4      | Reached *** piety under Trog
  2218 | D:4      | Found a broken altar of Ashenzari.
  2422 | D:4      | Reached skill level 6 in Unarmed Combat
  2426 | D:4      | Found a sacrificial altar of Ru.
  2430 | D:4      | Reached XP level 7. HP: 30/68 MP: 6/6
  2557 | D:4      | Found a sparkling altar of Nemelex Xobeh.
  2884 | D:4      | Found a runed translucent door.
  2885 | D:4      | Noticed Crazy Yiuf
  2992 | D:4      | Killed Crazy Yiuf
  3088 | D:5      | Entered Level 5 of the Dungeon
  3620 | D:5      | Found a staircase to the Ecumenical Temple.
  3643 | D:5      | Reached skill level 7 in Unarmed Combat
  3803 | D:5      | Reached XP level 8. HP: 79/79 MP: 7/7
  4013 | D:6      | Found a hide-covered altar of Uskayaw.
  4014 | D:6      | Noticed Eustachio
  4216 | D:6      | Killed Eustachio
  4228 | D:6      | Reached skill level 5 in Fighting
  4228 | D:6      | Reached skill level 8 in Unarmed Combat
  4236 | D:6      | Reached skill level 5 in Dodging
  4306 | D:6      | Reached **** piety under Trog
  4477 | D:6      | Noticed a manticore
  4485 | D:6      | Killed a manticore
  4533 | D:6      | Reached XP level 9. HP: 83/88 MP: 8/8
  4569 | D:6      | Reached skill level 9 in Unarmed Combat
  4573 | D:6      | Identified the +8 flail of the Wizarding Oracle {vorpal,
                  | +Rage}
  5383 | D:7      | Identified the +0 short sword "Uduiplai" {elec, rPois
                  | Int+2}
  5660 | D:8      | Found a staircase to the Lair.
  6119 | D:8      | Reached skill level 10 in Unarmed Combat
  6193 | D:8      | Found a burning altar of Makhleb.
  6244 | D:8      | Reached ***** piety under Trog
  6480 | D:9      | Identified the +1 helmet of the Beggar {Regen+ rCorr Str+4}
  6566 | D:9      | Reached XP level 10. HP: 95/100 MP: 9/9
  6792 | D:9      | Noticed Maurice
  6798 | D:9      | Killed Maurice
  7072 | D:9      | Found an ancient bone altar of Kikubaaqudgha.
  7130 | D:9      | Reached skill level 11 in Unarmed Combat
  7164 | D:9      | Found a shimmering altar of Xom.
  7167 | D:9      | Found a shimmering altar of Xom.
  7171 | D:9      | Found a shimmering altar of Xom.
  7171 | D:9      | Found a shimmering altar of Xom.
  7171 | D:9      | Found a shimmering altar of Xom.
  7171 | D:9      | Found a shimmering altar of Xom.
  7173 | D:9      | Found a shimmering altar of Xom.
  7265 | D:10     | Entered Level 10 of the Dungeon
  7369 | D:10     | Noticed Joseph
  7380 | D:10     | Shot with a sling bullet by Joseph

Illustrated notes

Levels and vault maps discovered:
D:1:      minmay_arrival_widening_spiral_wide, layout_basic
D:2:      layout_rooms
D:3:      layout_basic
D:4:      layout_rooms, marbit_many_paths, nemelex_diamond_rough_becter,
          nicolae_overflow_crystal_walls, nicolae_ashenzari_panopticon,
          minmay_liquid_box, due_unseen_surprise, uniq_sigmund,
          uniq_crazy_yiuf_cottage
D:5:      layout_loops_corners, minmay_temple_entry_nine_rooms,
          hangedman_decor_riveting
D:6:      layout_basic, kennysheep_mini, uniq_eustachio
D:7:      layout_rooms
D:8:      layout_basic, makhleb_blood_cavern_becter, dpeg_oklobed_lair,
          serial_aquarium, aquarium_bridge_square [aquarium_subvault_balcony,
          aquarium_subvault_bridge, aquarium_subvault_wall,
          aquarium_subvault_wall], aquarium_window_2,
          aquarium_window_corridor_3, aquarium_window_fake,
          aquarium_window_corner, aquarium_view_4, hex_tiny, minmay_checkerbox
D:9:      kennysheep_six_static_rooms, layout_long_grid,
          lemuel_coloured_pillars_altar, nicolae_xom_altar_mimics, serial_glass,
          glass_columns_a, glass_columns_b, glass_columns_b, glass_columns_a,
          glass_columns_b, glass_columns_a, glass_columns_b, glass_columns_a,
          glass_columns_b, glass_columns_a, glass_columns_c, glass_columns_c,
          glass_columns_b, glass_columns_a, uniq_maurice
D:10:     minmay_cornered_nines, layout_basic, gammafunk_ghost_ooze,
          lemuel_another_geyser, uniq_joseph

Skill      XL: |  1  2  3  4  5  6  7  8  9 10 |
---------------+-------------------------------+-----
Unarmed Combat | 4 5 6 7 8 10 11 | 11.0
Dodging        | 3 4 5 6 |  6.8
Fighting       | 3 4 5 6 |  6.7

Action                   |  1- 3 |  4- 6 |  7- 9 | 10-12 || total
-------------------------+-------+-------+-------+-------++-------
Melee: Unarmed           |    83 |    79 |   221 |    38 ||   421
       Punch             |       |     4 |    14 |     3 ||    21
Invok: Berserk           |     1 |     3 |     6 |     2 ||    12
  Use: Scroll            |       |       |    12 |       ||    12
       Potion            |       |       |       |     1 ||     1
 Stab: Sleeping          |       |     1 |     3 |       ||     4
Armor: Animal skin       |    29 |    12 |    47 |     7 ||    95
Dodge: Dodged            |    45 |    50 |   112 |    29 ||   236

Table legend: (Time is in decaauts)
 A = Elapsed time spent in this place.
 B = Non-inter-level travel time spent in this place.
 C = Inter-level travel time spent in this place.
 D = Time resting spent in this place.
 E = Time spent auto-exploring this place.
 F = Levels seen in this place.
 G = Mean time per level.
                   A        B        C        D        E       F      G
               +--------+--------+--------+--------+--------+-----+--------+
         Total |   7421 |   6930 |    491 |    425 |   5571 |  10 |  742.1 |
       Dungeon |   7421 |   6930 |    491 |    425 |   5571 |  10 |  742.1 |
               +--------+--------+--------+--------+--------+-----+--------+

Top non-repeatable levels by time:
     D:4: 1042 daAuts
     D:5: 1027 daAuts
     D:1: 939 daAuts
     D:6: 923 daAuts
     D:9: 902 daAuts
     D:3: 810 daAuts
     D:8: 753 daAuts
     D:7: 568 daAuts
     D:2: 341 daAuts
    D:10: 113 daAuts
